 Dungeon Crawl Stone Soup version bcrawl-1.19.1 (webtiles) character file.

Game seed: 17059661073168622181

52 Revguard the Insei (level 3, -2/28 HPs)
             Began as a Draconian Transmuter on Nov 27, 2019.
             Killed from afar by Sigmund (6 damage)
             ... with a puff of flame
             ... on level 2 of the Dungeon.
             The game lasted 00:05:09 (1323 turns).

Revguard the Insei (Draconian Transmuter)           Turns: 1323, Time: 00:05:10

Health: -2/28      AC:  5    Str: 12    XL:     3   Next: 60%
Magic:  4/6        EV: 12    Int: 13    God:
Gold:   74         SH:  0    Dex: 12    Spells: 4/7 levels left

rFire    . . .     SeeInvis .     - Unarmed
rCold    . . .     Gourm    .   (no shield)
rNeg     . . .     Faith    .   (armour unavailable)
rPois    .         Spirit   .   (helmet restricted)
rElec    .         Reflect  .   (no cloak)
rCorr    .         Harm     .   (no gloves)
MR       .....                  (no boots)
Stlth    +.........             (no amulet)
HPRegen  0.09/turn              (no ring)
MPRegen  0.10/turn              (no ring)

@: confused
A: unfitting armour, cold-blooded, AC +5
a: no special abilities


You were on level 2 of the Dungeon.
You were not hungry.

You visited 1 branch of the dungeon, and saw 2 of its levels.

You collected 74 gold pieces.

Inventory:

Missiles
 a - 20 arrows (quivered)
Scrolls
 b - a scroll of noise {unknown}
 g - 4 scrolls of identify {unknown}
 h - a scroll of remove curse {unknown}
Potions
 c - a potion of lignification
 e - a potion of flight
Comestibles
 d - 5 rations {!d}


   Skills:
 + Level 1.2 Fighting
 + Level 2.2 Dodging
 + Level 3.6 Unarmed Combat
 + Level 2.5 Spellcasting
 + Level 2.3 Transmutations


You had 4 spell levels left.
You knew the following spells:

 Your Spells              Type           Power        Failure   Level  Hunger
a - Beastly Appendage     Tmut           #.....       10%         1    #......
b - Sticks to Snakes      Tmut           #.......     14%         2    ###....

Your spell library contained the following spells:

 Spells                   Type           Power        Failure   Level  Hunger
 Spider Form              Tmut/Pois      #..          41%         3    ###....
 Ice Form                 Ice/Tmut       #.......     83%         4    #####..
 Blade Hands              Tmut           #.........   95%         5    ######.


Dungeon Overview and Level Annotations

Branches:
Dungeon (2/12)

Altars:

Annotations:
D:2 Sigmund


Innate Abilities, Weirdness & Mutations

Your plain brown scales are hard. (AC +5)
You cannot fit into any form of body armour.
You are cold-blooded and may be slowed by cold attacks.


Message History

A puff of flame appears from out of thin air!
The puff of flame hits you!
Okay, then.
Sigmund points at you and mumbles some strange words.
The magic dart hits you!
* * * LOW HITPOINT WARNING * * *
You see here a cursed -2 mace.
The dart slug launches a dart at you. The slug dart misses you.
Sigmund says, "Now you see me, now you don't..."
You see here 7 gold pieces.
Sigmund barely misses you.
Sigmund points at you and mumbles some strange words.
You are confused.
Okay, then.
Found a stone staircase leading down.
You're too confused to move!
Sigmund casts a spell at you. The puff of flame hits you!
You die...

## #> #. #.###
####### #.#.#
#.##..# #
#.#.####.###.######
#.@..@.w$........@.
#.#####..####.#####
#...[....# #..# #
########.#####.## #
#.......#..# #
#.#.###@##.###
#.#.!...##..##
....#....)..).
##.#.#.......##


You could see Sigmund and a dart slug.

Vanquished Creatures
  A worm (D:2)
  6 bats
  2 giant cockroaches
  9 goblins
  5 hobgoblins
  6 jackals (D:1)
  5 quokkas
  A ball python (D:1)
  A frilled lizard (D:1)
  2 kobolds (D:2)
  3 rats
41 creatures vanquished.

Vanquished Creatures (collateral kills)
  An orc (D:2)
1 creature vanquished.

Grand Total: 42 creatures vanquished

Notes
Turn   | Place    | Note
-------+----------+-------------------------------------------
     0 | D:1      | Revguard the Draconian Transmuter began the quest for the
                  | Orb.
     0 | D:1      | Reached XP level 1. HP: 16/16 MP: 3/3
   103 | D:1      | Reached XP level 2. HP: 23/23 MP: 5/5
   167 | D:1      | Learned a level 2 spell: Sticks to Snakes
   435 | D:1      | Reached XP level 3. HP: 25/28 MP: 6/6
   797 | D:2      | Noticed Sigmund
  1323 | D:2      | Killed from afar by Sigmund

Skill      XL: |  1  2 |
---------------+-------+-----
Dodging        | 2 |  2.2
Fighting       | |  1.2
Unarmed Combat | |  3.6
Spellcasting   | |  2.5
Transmutations | |  2.3

Action                   || total
-------------------------++-------
Melee: Unarmed           ||   117
       Headbutt          ||    13
       Kick              ||     5
       Tailslap          ||     4
       Punch             ||     2
 Cast: Beastly Appendage ||    15
       Sticks to Snakes  ||    10
  Use: Potion            ||     2
  Eat: Chunk             ||     2
Armor: Skin              ||    60
Dodge: Dodged            ||   143
